 Dungeon Crawl Stone Soup version 0.27-a0-1232-gc6a4cbde82 (webtiles) character file.

Game seed: 13297280023230912190

9828 Zdeegee the Thaumaturge (level 11, -1/109 HPs)
             Began as a Spriggan Venom Mage on June 8, 2021.
             Was a Believer of Sif Muna.
             Slain by a four-headed hydra (6 damage)
             ... on level 11 of the Dungeon.
             The game lasted 00:39:17 (15841 turns).

Zdeegee the Thaumaturge (Spriggan Venom Mage)      Turns: 15841, Time: 00:39:17

Health: -1/109     AC: 25    Str:  4    XL:     11   Next: 28%
Magic:  0/26       EV:  4    Int: 20    God:    Sif Muna [**....]
Gold:   594        SH:  0    Dex: 16    Spells: 12/30 levels left

rFire    . . .     SeeInvis +   b - +2 short sword (drain)
rCold    . . .     Faith    .   (shield restricted)
rNeg     + + +     Spirit   +   (armour currently unavailable)
rPois    +         Reflect  .   (helmet currently unavailable)
rElec    .         Harm     .   (cloak currently unavailable)
rCorr    +         Rampage  .   (gloves unavailable)
Will     +....     NoTele   +   (boots unavailable)
Stlth    ..........             T - amulet "Xidaorgh" {Spirit +Inv rPois Stlth-}
HPRegen  0.28/turn              m - +4 ring of evasion
MPRegen  0.20/turn              C - ring of resist corrosion

@: berserking (expiring), tree-form, very quick
A: stationary, stasis, torment immunity, boosted hp, very small, no large
weapons, unfitting armour, see invisible, (speed 3)
a: Renounce Religion, Evoke Invisibility, Channel Magic


You were on level 11 of the Dungeon.
You worshipped Sif Muna.
Sif Muna was pleased with you.
You were a tree.
You visited 2 branches of the dungeon, and saw 12 of its levels.

You collected 594 gold pieces.

Inventory:

Hand Weapons
 b - a +2 short sword of draining (weapon)
 c - a +0 whip
 f - a +1 short sword of draining
Missiles
 l - 21 poisoned darts
 A - 73 sling bullets
 Q - a curare-tipped dart (quivered)
Armour
 v - a +0 robe (melded)
 H - the +3 hat of Pondering {ponderous, Will+ MP+10 Int+5}
   (You took it off Gastronok on level 8 of the Dungeon)

   It affects your intelligence (+5).
   It affects your magic capacity (+10).
   It increases your willpower.
 S - a +0 cloak (melded)
Magical Staves
 a - a staff of air
 R - a staff of cold
Jewellery
 m - a +4 ring of evasion (left branch)
 C - a ring of resist corrosion (right branch)
 I - a ring of flight
 T - the amulet "Xidaorgh" (around neck) {Spirit +Inv rPois Stlth-}
   (You found it on level 10 of the Dungeon)

   [amulet of guardian spirit]

   It causes incoming damage to be divided between your reserves of health and
   magic.
   It protects you from poison.
   It lets you turn invisible.
   It makes you less stealthy.
Wands
 o - a wand of polymorph (10)
 K - a wand of iceblast (5)
 M - a wand of acid (11)
 O - a wand of charming (4)
Scrolls
 d - 2 scrolls of amnesia
 h - 7 scrolls of teleportation
 j - 3 scrolls of blinking
 n - a scroll of magic mapping
 s - a scroll of fog {unknown}
 t - 4 scrolls of fear
 w - a scroll of immolation {unknown}
 y - a scroll of enchant armour {unknown}
 D - 4 scrolls of summoning {unknown}
 E - a scroll of brand weapon {unknown}
 F - a scroll of noise {unknown}
 G - a scroll of silence {unknown}
 J - a scroll of vulnerability {unknown}
 L - 2 scrolls of enchant weapon {unknown}
Potions
 e - a potion of magic
 g - 2 potions of heal wounds {unknown}
 i - 4 potions of lignification
 k - 3 potions of brilliance {unknown}
 p - 2 potions of ambrosia
 q - 3 potions of flight
 r - a potion of attraction {unknown}
 u - 2 potions of cancellation {unknown}
 x - a potion of might {unknown}
 z - a potion of curing {unknown}
 B - a potion of haste {unknown}
 N - a potion of resistance {unknown}
Miscellaneous
 P - a phial of floods


   Skills:
 + Level 1.1 Fighting
 + Level 3.4 Short Blades
 * Level 8.5 Dodging
 + Level 3.4 Stealth
 * Level 10.4 Spellcasting
 + Level 0.3 Conjurations
 + Level 0.9 Necromancy
 * Level 6.6 Transmutations
 + Level 2.1 Fire Magic
 * Level 1.2 Ice Magic
 * Level 5.0 Air Magic
 * Level 8.3 Poison Magic
 * Level 4.9 Invocations
 * Level 7.5 Evocations


You had 12 spell levels left.
You knew the following spells:

 Your Spells              Type           Power      Damage    Failure   Level
a - Sting                 Tmut/Pois      100%       1d8       1%          1
b - Poisonous Vapours     Pois/Air       74%        N/A       1%          2
c - Ignite Poison         Fire/Tmut/Pois 33%        N/A       1%          3
d - Olgreb's Toxic Radia  Pois           43%        N/A       2%          4
e - Mephitic Cloud        Conj/Pois/Air  28%        N/A       3%          3
f - Pain                  Necr           56%        1d6       4%          1
g - Ice Form              Ice/Tmut       26%        N/A       13%         4

Your spell library contained the following spells:

 Spells                   Type           Power      Damage    Failure   Level
 Animate Skeleton         Necr           28%        N/A       4%          1
 Magic Dart               Conj           48%        1d5       5%          1
 Apportation              Tloc           20%        N/A       7%          1
 Corona                   Hex            11%        N/A       7%          1
 Summon Small Mammal      Summ           40%        N/A       7%          1
 Searing Ray              Conj           24%        3d4       9%          2
 Call Imp                 Summ           10%        N/A       10%         2
 Vampiric Draining        Necr           7%         2d7       13%         3
 Dazzling Flash           Conj/Hex       22%        N/A       19%         3
 Call Canine Familiar     Summ           10%        N/A       21%         3
 Summon Guardian Golem    Hex/Summ       10%        N/A       21%         3
 Summon Lightning Spire   Summ/Air       20%        N/A       24%         4
 Animate Dead             Necr           7%         N/A       41%         4
 Summon Ice Beast         Ice/Summ       13%        N/A       45%         4
 Fulminant Prism          Conj/Hex       5%         3d7       52%         4
 Iskenderun's Mystic Bla  Conj/Tloc      11%        2d4       52%         4
 Agony                    Necr           14%        N/A       77%         5
 Freezing Cloud           Conj/Ice/Air   9%         6-21      99%         6
 Simulacrum               Ice/Necr       7%         N/A       100%        6
 Ozocubu's Refrigeration  Ice            7%         4d6       100%        7


Dungeon Overview and Level Annotations

Branches:
Dungeon (11/15)            Temple (1/1) D:4            Lair (0/6) D:10
    Orc (0/2) D:11

Altars:
Fedhas
Gozag
Hepliaklqana
Makhleb
Nemelex Xobeh
Okawaru
Qazlal
Ru
Sif Muna
Xom
Yredelemnul
Zin
The Shining One

Annotations:
D:4 3 runed translucent doors, quinnr's ghost, novice DjAE


Innate Abilities, Weirdness & Mutations

You are a tree.
Your roots penetrate the ground, keeping you stationary.
You cannot be teleported.
You are immune to unholy pain and torment.
Your maximum health is greatly increased.
Your equipment is partially melded.
You are very small and have problems with some larger weapons.
You are too small for most types of armour.
You have supernaturally acute eyesight. (SInv)
((You cover ground extremely quickly. (Speed+++)))


Message History

The meliai zombie barely misses you.
You hit the meliai zombie.
The meliai zombie is heavily damaged.
The four-headed hydra bites you but does no damage. x4
The komodo dragon bites you but does no damage.
The meliai zombie completely misses you.
The meliai zombie barely misses you.
You puncture the meliai zombie!
The meliai zombie is severely damaged.
The meliai zombie completely misses you.
The meliai zombie hits you but does no damage.
The four-headed hydra bites you!
* * * LOW HITPOINT WARNING * * *
The four-headed hydra bites you but does no damage. x2
The four-headed hydra bites you!
* * * LOW HITPOINT WARNING * * *
The komodo dragon bites you but does no damage.
You barely miss the meliai zombie.
The meliai zombie is severely damaged.
The meliai zombie hits you but does no damage. x2
You hit the meliai zombie.
The meliai zombie is severely damaged.
The meliai zombie hits you.
* * * LOW HITPOINT WARNING * * *
The meliai zombie hits you but does no damage.
The four-headed hydra bites you but does no damage. x2
The four-headed hydra bites you.
* * * LOW HITPOINT WARNING * * *
The four-headed hydra bites you.
* * * LOW HITPOINT WARNING * * *
The komodo dragon completely misses you.
You puncture the meliai zombie!
The meliai zombie is almost destroyed.
The meliai zombie hits you but does no damage. x2
You barely miss the meliai zombie.
The meliai zombie is almost destroyed.
The four-headed hydra bites you!
* * * LOW HITPOINT WARNING * * *
The four-headed hydra bites you!
You die...

*,,,,,,,,,,,...).)))D.,,,,,
*,,,...*#.....)..).)..,,,,,
****,..##........#**,,,,,,,
*,,............,,,,,,,,,
**,,,...........,,,,,,,,,
*.,,*#..........>,,,,,,,,
*...##..........,,,,,,,,,
*****......Dl)..(...,,,,,,,,,
*,,,,.......♣Z......,,,,,,,,,
*,,,,.....##........,,,,,,,,,
*,,,,...,,*#........,,,,,,,,,
*,,,,.,,,,,....##...,,,,,,,**
*,,,,,,,,,,....#*,..,**,,,,**
*,,,,,,,,,......,,,.,**,,,,,,
*,,,,,,,,,.......,,,,,,,,,,,,
*****,,,,.).......******,,,,,
*************** ******


You could see a four-headed hydra, a komodo dragon and a meliai zombie.

Vanquished Creatures
  Gastronok (D:8)
  2 two-headed ogres
  An ugly thing (D:11)
  A centaur zombie (D:10)
  Joseph (D:8)
  2 komodo dragons (D:10)
  Psyche (D:11)
  2 hornets
  A wyvern (D:6)
  7 yaks
  2 water moccasins
  2 sky beasts (D:5)
  4 black bears
  2 orc warriors
  A necrophage (D:6)
  2 ogres
  4 centaurs
  2 phantoms (D:5)
  3 kobold brigands
  A wyvern zombie (D:7)
  6 killer bees (D:7)
  A howler monkey (D:6)
  2 bullfrog zombies (D:6)
  A jelly (D:5)
  A bullfrog skeleton (D:5)
  9 orc priests
  Ijyb (D:3)
  2 hounds (D:5)
  5 iguanas
  12 orc wizards
  A hound skeleton (D:5)
  3 howler monkey zombies
  4 gnolls
  8 adders
  2 shadow imps
  2 white imps (D:6)
  2 ufetubi (D:5)
  5 dart slugs
  31 orcs
  2 bats
  3 endoplasms
  3 giant cockroaches
  5 goblins
  5 hobgoblins
  6 jackals
  4 quokkas
  7 ball pythons
  A ball python skeleton (D:2)
  A frilled lizard (D:2)
  15 kobolds
  8 rats
200 creatures vanquished.

Vanquished Creatures (others)
  A troll (D:11)
  47 plants
48 creatures vanquished.

Grand Total: 248 creatures vanquished

Notes
Turn   | Place    | Note
-------+----------+-------------------------------------------
     0 | D:1      | Zdeegee the Spriggan Venom Mage began the quest for the
                  | Orb.
     0 | D:1      | Reached XP level 1. HP: 9/9 MP: 5/5
   407 | D:1      | Reached XP level 2. HP: 13/13 MP: 3/6
   410 | D:1      | Learned a level 2 spell: Poisonous Vapours
   597 | D:1      | Found a faded altar of an unknown god.
   683 | D:1      | Reached skill level 1 in Evocations
   906 | D:1      | Reached skill level 3 in Spellcasting
  1609 | D:1      | Reached skill level 1 in Air Magic
  1609 | D:1      | Reached XP level 3. HP: 6/16 MP: 3/8
  1613 | D:1      | Learned a level 3 spell: Ignite Poison
  2508 | D:2      | Reached XP level 4. HP: 21/21 MP: 3/9
  3425 | D:3      | Reached skill level 4 in Spellcasting
  3485 | D:3      | Noticed a kobold brigand
  3488 | D:3      | Killed a kobold brigand
  3489 | D:3      | Reached XP level 5. HP: 24/24 MP: 3/12
  3608 | D:3      | Learned a level 4 spell: Olgreb's Toxic Radiance
  3612 | D:3      | Learned a level 3 spell: Mephitic Cloud
  4183 | D:3      | Noticed Ijyb
  4200 | D:3      | Killed Ijyb
  4718 | D:4      | Found a staircase to the Ecumenical Temple.
  4771 | Temple   | Entered the Ecumenical Temple
  4914 | Temple   | Became a worshipper of Sif Muna the Loreminder
  4945 | D:4      | Noticed a black bear
  4946 | D:4      | Reached XP level 6. HP: 28/28 MP: 6/14
  5136 | D:4      | Found a runed translucent gate.
  5136 | D:4      | Found a runed translucent gate.
  5136 | D:4      | Found a runed translucent gate.
  5265 | D:4      | Reached skill level 5 in Spellcasting
  5352 | D:4      | Reached skill level 1 in Invocations
  6089 | D:4      | Reached XP level 7. HP: 24/24 MP: 10/16
  6179 | D:4      | Noticed quinnr's ghost (novice DjAE)
  6199 | D:5      | Entered Level 5 of the Dungeon
  6331 | D:5      | Learned a level 1 spell: Pain
  6685 | D:5      | Reached skill level 1 in Short Blades
  6878 | D:5      | Reached * piety under Sif Muna
  7214 | D:5      | Noticed a two-headed ogre
  7218 | D:5      | Reached skill level 6 in Spellcasting
  7241 | D:5      | Killed a two-headed ogre
  7242 | D:5      | Reached skill level 5 in Dodging
  7242 | D:5      | Reached skill level 7 in Spellcasting
  7242 | D:5      | Reached skill level 5 in Poison Magic
  7242 | D:5      | Reached XP level 8. HP: 36/36 MP: 11/19
  7251 | D:5      | Reached skill level 1 in Fire Magic
  7555 | D:5      | Reached skill level 5 in Transmutations
  8751 | D:6      | Found a sacrificial altar of Ru.
  8810 | D:6      | Reached XP level 9. HP: 33/39 MP: 11/21
  9055 | D:6      | Reached skill level 8 in Spellcasting
  9408 | D:6      | Reached skill level 5 in Evocations
  9864 | D:6      | Identified the +0 kite shield of Focus {rF+ rCorr Str+4}
 11399 | D:7      | Reached skill level 9 in Spellcasting
 11697 | D:7      | Noticed a skeletal warrior
 11803 | D:8      | Reached XP level 10. HP: 36/44 MP: 5/24
 11967 | D:8      | Reached ** piety under Sif Muna
 12043 | D:8      | Noticed Gastronok
 12220 | D:8      | Killed Gastronok
 12221 | D:8      | Reached skill level 1 in Fighting
 12362 | D:8      | Noticed Joseph
 12374 | D:8      | Killed Joseph
 13765 | D:9      | Reached skill level 10 in Spellcasting
 14251 | D:10     | Entered Level 10 of the Dungeon
 14917 | D:10     | Noticed a two-headed ogre
 14920 | D:10     | Killed a two-headed ogre
 14921 | D:10     | Reached skill level 1 in Ice Magic
 14921 | D:10     | Reached XP level 11. HP: 49/49 MP: 15/26
 15218 | D:10     | Identified the amulet "Xidaorgh" {Spirit +Inv rPois Stlth-}
 15414 | D:10     | Found a staircase to the Lair.
 15683 | D:11     | Noticed a six-headed hydra
 15747 | D:10     | Learned a level 4 spell: Ice Form
 15748 | D:11     | Noticed a white ugly thing
 15751 | D:11     | Killed a white ugly thing
 15753 | D:11     | Noticed a four-headed hydra
 15813 | D:11     | Noticed Psyche
 15823 | D:11     | Killed Psyche
 15824 | D:11     | Reached skill level 5 in Air Magic
 15841 | D:11     | HP: 5/109 [four-headed hydra (6)]
 15841 | D:11     | Slain by a four-headed hydra

Illustrated notes

Levels and vault maps discovered:
D:1:      matt_arrival_refuge, layout_loops_ring, ebering_ecumenical_altar_mist,
          st_stairs_7, minmay_misc_feat_x, minmay_fountain_box,
          minmay_tiny_reverse_x
D:2:      layout_loops_ring, minmay_3d_cube
D:3:      layout_basic, serial_forest, infiniplex_forest_clump_small,
          infiniplex_forest_clump_medium, infiniplex_forest_side_room,
          infiniplex_forest_lined_2, infiniplex_forest_split,
          infiniplex_forest_straight_2, uniq_ijyb
D:4:      layout_rooms, minmay_temple_entry_large_hall,
          gammafunk_ghost_necromancy, glass_columns_b,
          ebering_dispersal_statue_hall
D:5:      cheibrodos_barr_body, layout_loops_cross
D:6:      layout_rooms, lemuel_tele_altar, minmay_misc_feat_iff
D:7:      layout_gridville, amcnicky_mini_rare_corridor_liquid,
          grunt_ministairs_5, minmay_guarded_unrand_finisher
D:8:      layout_gridville, minmay_misc_feat_square, uniq_joseph, uniq_gastronok
D:9:      layout_loops_ring
D:10:     layout_roguey, david_lair_shrubbed, solitary_fountain
D:11:     layout_roguey, erik_orc_4, portal_ice_cave_demonic_guard,
          ebering_ghost_reflecting_pool, uniq_grum, uniq_psyche
Temple:   roderic_octagonal_lattice_temple

Skill      XL: |  1  2  3  4  5  6  7  8  9 10 11 |
---------------+----------------------------------+-----
Evocations     | 1 2 3 4 6 7 |  7.5
Spellcasting   | 3 4 5 7 9 10 | 10.4
Air Magic      | 1 2 3 4 5 |  5.0
Dodging        | 3 4 5 6 7 8 |  8.5
Transmutations | 2 4 5 6 |  6.6
Poison Magic   | 4 5 6 7 8 |  8.3
Invocations    | 1 2 3 4 |  4.9
Short Blades   | 1 2 3 |  3.4
Fire Magic     | 1 2 |  2.1
Fighting       | 1 |  1.1
Ice Magic      | 1 |  1.2
Stealth        | |  3.4
Conjurations   | |  0.3
Necromancy     | |  0.9

Action                   |  1- 3 |  4- 6 |  7- 9 | 10-12 || total
-------------------------+-------+-------+-------+-------++-------
Melee: Whip              |     2 |       |       |       ||     2
       Short sword       |    12 |    32 |   134 |    81 ||   259
       Unarmed           |       |     3 |       |       ||     3
       Staff             |       |       |     5 |     5 ||    10
 Cast: Sting             |    21 |     5 |    28 |     2 ||    56
       Poisonous Vapours |    29 |    38 |    37 |    39 ||   143
       Ignite Poison     |     3 |    21 |    48 |    42 ||   114
       Olgreb's Toxic Ra |       |     4 |    16 |    16 ||    36
       Pain              |       |       |    16 |     2 ||    18
       Mephitic Cloud    |       |       |       |     3 ||     3
Invok: Channel Magic     |       |       |     1 |     2 ||     3
  Use: Scroll            |     1 |     3 |     3 |     3 ||    10
       Potion            |       |       |       |     1 ||     1
 Stab: Sleeping          |       |       |     1 |       ||     1
Armor: Skin              |       |     1 |       |    55 ||    56
       Robe              |       |       |     9 |     8 ||    17
Dodge: Dodged            |    14 |    28 |   176 |   117 ||   335

Table legend: (Time is in decaauts)
 A = Elapsed time spent in this place.
 B = Non-inter-level travel time spent in this place.
 C = Inter-level travel time spent in this place.
 D = Time resting spent in this place.
 E = Time spent auto-exploring this place.
 F = Levels seen in this place.
 G = Mean time per level.
                   A        B        C        D        E       F      G
               +--------+--------+--------+--------+--------+-----+--------+
         Total |  13121 |  12945 |    176 |   3967 |   7072 |  12 | 1093.4 |
       Dungeon |  13023 |  12859 |    164 |   3967 |   6991 |  11 | 1183.9 |
        Temple |     98 |     87 |     11 |      0 |     81 |   1 |   98.0 |
               +--------+--------+--------+--------+--------+-----+--------+

Top non-repeatable levels by time:
     D:5: 2121 daAuts
     D:3: 1729 daAuts
     D:1: 1466 daAuts
     D:9: 1296 daAuts
     D:6: 1233 daAuts
     D:7: 1121 daAuts
     D:8: 1046 daAuts
     D:4: 1041 daAuts
    D:10: 1028 daAuts
     D:2: 907 daAuts
  Temple: 98 daAuts
    D:11: 29 daAuts
